 Dungeon Crawl Stone Soup version 0.21-a0-630-g344d351 (webtiles) character file.

16 Kilingo the Grave Robber (level 2, -1/20 HPs)
             Began as a Demonspawn Necromancer on Dec 27, 2017.
             Slain by a bullfrog (6 damage)
             ... on level 2 of the Dungeon.
             The game lasted 00:11:53 (1207 turns).

Kilingo the Grave Robber (Demonspawn Necromancer)   Turns: 1207, Time: 00:11:53

Health: -1/20      AC:  2    Str: 10    XL:     2   Next: 41%
Magic:  5/5        EV: 12    Int: 16    God:
Gold:   125        SH:  0    Dex: 13    Spells: 3/5 levels left

rFire    . . .     SeeInvis .   f - +1 whip
rCold    + . .     Gourm    .   (no shield)
rNeg     . . .     Faith    .   a - +0 robe
rPois    .         Spirit   .   (no helmet)
rElec    .         Reflect  .   (no cloak)
rCorr    .         Harm     .   (no gloves)
MR       .....                  (no boots)
Stlth    ++........             (no amulet)
HPRegen  0.06/turn              h - +2 ring of strength
MPRegen  0.09/turn              (no ring)

@: no status effects
A: cold resistance 1
a: no special abilities


You were on level 2 of the Dungeon.
You were not hungry.

You visited 1 branch of the dungeon, and saw 2 of its levels.

You collected 125 gold pieces.

Inventory:

Hand Weapons
 f - a +1 whip (weapon)
Missiles
 k - 14 sling bullets
 l - 20 stones (quivered)
Armour
 a - a +0 robe (worn)
 g - a +1 scale mail
Jewellery
 h - a +2 ring of strength (left hand)
Scrolls
 e - a scroll of enchant armour
Potions
 d - a potion of heal wounds {unknown}
 j - a potion of agility {unknown}
Books
 b - a book of Necromancy

   Spells                             Type                      Level
   a - Pain                           Necromancy                   1
   b - Animate Skeleton               Necromancy                   1
   c - Vampiric Draining              Necromancy                   3
   d - Regeneration                   Charms/Necromancy            3
   e - Animate Dead                   Necromancy                   4
   f - Borgnjor's Vile Clutch         Necromancy/Earth             5
Comestibles
 c - 2 rations


   Skills:
 + Level 0.4 Fighting
 + Level 1.8 Dodging
 + Level 2.0 Stealth
 + Level 2.2 Spellcasting
 + Level 4.8 Necromancy


You had 3 spell levels left.
You knew the following spells:

 Your Spells              Type           Power        Failure   Level  Hunger
a - Pain                  Necr           ###.         2%          1    #......
b - Animate Skeleton      Necr           N/A          2%          1    #......


Dungeon Overview and Level Annotations

Branches:
Dungeon (2/15)

Altars:
Ashenzari
Hepliaklqana


Innate Abilities, Weirdness & Mutations

Your flesh is cold resistant. (rC+)


Message History

The big kobold throws a stone.
The stone misses you. The ooze hits you. The orc warrior barely misses you.
The bullfrog barely misses you.
The big kobold throws a stone.
The stone hits you.
* * * LOW HITPOINT WARNING * * *
You see here a stone.
The bullfrog hits you.
* * * LOW HITPOINT WARNING * * *
You feel better. The bullfrog closely misses you. The ooze hits you.
The big kobold throws a stone.
The stone closely misses you. The ooze barely misses you.
The bullfrog closely misses you.
There is a transporter here.
You see here a stone.
You enter the transporter and appear at another place.
The bullfrog hits you. The ooze hits you.
* * * LOW HITPOINT WARNING * * *
As you read the scroll labeled GITZYM XEQE, it crumbles to dust.
It is a scroll of enchant weapon.
Your +0 whip glows red for a moment.
The bullfrog misses you. The ooze barely misses you. The bullfrog hits you.
You die...

#..#.#..©..#.#.#
#..#.$#...#..#.#
#..#§.(......#.#
#..#..#?..#..#.#
#..#.#.o...#.#.#
#..#.?$%$?[..#.#
#..##8$K_}$8##.#
#...#########..#
#......J@.....#
##.....F..#####
#####...## #####


You could see an orc warrior, a big kobold, a bullfrog and an ooze.

Vanquished Creatures
  A dart slug (D:2)
  3 bats
  A giant cockroach (D:2)
  2 goblins (D:1)
  2 hobgoblins
  3 frilled lizards (D:1)
  A kobold (D:1)
  A rat (D:2)
14 creatures vanquished.

Notes
Turn   | Place    | Note
-------+----------+-------------------------------------------
     0 | D:1      | Kilingo the Demonspawn Necromancer began the quest for the Orb.
     0 | D:1      | Reached XP level 1. HP: 13/13 MP: 3/3
     2 | D:1      | Learned a level 1 spell: Animate Skeleton
   781 | D:1      | Gained mutation: Your flesh is cold resistant. (rC+) [demonic ancestry]
   781 | D:1      | Reached XP level 2. HP: 17/19 MP: 1/5
  1023 | D:2      | Found a shattered altar of Ashenzari.
  1169 | D:2      | Found a transporter.
  1183 | D:2      | Found a transporter.
  1192 | D:2      | Noticed a bullfrog
  1198 | D:2      | Noticed an orc warrior
  1200 | D:2      | Noticed a big kobold
  1200 | D:2      | Found a hazy altar of Hepliaklqana.
  1207 | D:2      | Slain by a bullfrog

Vault maps used:
D:1:      giann_forest_graveyard
D:2:      lemuel_crystal_altar, overflow_temple_1_default,
          gammafunk_temple_overflow_arena, evilmike_ruin_ashenzari, first_ration

Skill      XL: |  1  2 |
---------------+-------+-----
Stealth        | 2 |  2.0
Fighting       | |  0.4
Dodging        | |  1.8
Spellcasting   | |  2.2
Necromancy     | |  4.8

Action                   || total
-------------------------++-------
Melee: Whip              ||    16
Throw: Stone             ||     2
 Cast: Pain              ||    16
       Animate Skeleton  ||     1
  Use: Scroll            ||     6
       Potion            ||     2
 Stab: Sleeping          ||     2
  Eat: Ration            ||     1
Armor: Robe              ||     6
Dodge: Dodged            ||    25

Table legend:
 A = Spawn XP
 B = Non-spawn XP
 C = Spawn XP percentage of total XP
 D = Spawn monster count
 E = Non-spawn monster count
 F = Spawn count percentage of total count
 G = Total turns spent on level
                    A         B        C        D         E        F      G
               +---------+---------+-------+---------+---------+-------+---------
         Total |       0 |      24 |   0.0 |       0 |      14 |   0.0 |  1207
               +---------+---------+-------+---------+---------+-------+---------
           D:1 |       0 |      13 |   0.0 |       0 |       9 |   0.0 |  1005
           D:2 |       0 |      11 |   0.0 |       0 |       5 |   0.0 |   202
               +---------+---------+-------+---------+---------+-------+---------
